 Dungeon Crawl Stone Soup version 0.30-a0-29-g142975f185 (webtiles) character file.

Game seed: 2109640730705192761

118016 vineage the Warrior (level 16, -9/116 HPs)
             Began as a Gargoyle Fighter on Aug 26, 2022.
             Was a High Priest of Okawaru.
             Mangled by a +4 vorpal glaive (10 damage)
             ... animated by Zenata
             ... on level 1 of the Elven Halls.
             The game lasted 00:37:52 (30517 turns).

vineage the Warrior (Gargoyle Fighter)             Turns: 30517, Time: 00:37:52

Health: -9/116     AC: 29    Str: 38    XL:     16   Next: 75%
Magic:  30/30      EV: 10    Int:  7    God:    Okawaru [*****.]
Gold:   1619       SH: 13    Dex: 18    Spells: 15/15 levels left

rFire   + + +      SeeInvis .    q - +11 demon trident "Killer Klown's Bane" {pain, Fragile Str+2 Int+2}
rCold   + . .      Faith    .    c - +0 buckler
rNeg    + . .      Spirit   .    W - +5 ring mail of Qydoz {rF+ rCorr MP+9 Int-3}
rPois   ∞          Reflect  +    U - +1 helmet
rElec   +          Harm     .    N - scarf {rC+ rF+}
rCorr   +          Rampage  .    F - +0 pair of gloves
Will    +....                    (no boots)
Stlth   +.........               S - amulet of reflection
HPRegen 0.29/turn                l - +6 ring of strength
MPRegen 0.22/turn                Q - +6 ring of dexterity

@: about to teleport, flying
A: sickness immunity, AC +12, big wings, negative energy resistance 1,
electricity resistance, torment resistance 1, petrification resistance, agile 1,
fire resistance 1, strong 1
a: Renounce Religion, Heroism, Finesse, Duel


You were on level 1 of the Elven Halls.
You worshipped Okawaru.
Okawaru was extremely pleased with you.
You visited 6 branches of the dungeon, and saw 25 of its levels.
You visited 1 bazaar.
You also visited: Sewer, Ossuary and Volcano.

You collected 2440 gold pieces.
You spent 821 gold pieces at shops.

Inventory:

Hand Weapons
 a - a +1 flail
 q - the +11 demon trident "Killer Klown's Bane" (weapon) {pain, Fragile Str+2 Int+2}
   (You acquired it on level 2 of the Dungeon)

   In the hands of one skilled in necromantic magic, it inflicts extra damage on
   living creatures.
   Str:       It affects your strength (+2).
   Int:       It affects your intelligence (+2).
   Fragile:   It will be destroyed if unequipped.
Missiles
 u - 3 throwing nets (quivered)
Armour
 c - a +0 buckler (worn)
 F - a +0 pair of gloves (worn)
 N - a scarf of resistance (worn)
 R - a +2 cloak of fire resistance
 U - a +1 helmet (worn)
 W - the +5 ring mail of Qydoz (worn) {rF+ rCorr MP+9 Int-3}
   (Okawaru gifted it to you on level 5 of the Lair of Beasts)

   Int:       It affects your intelligence (-3).
   rF:        It protects you from fire.
   MP:        It affects your magic capacity (+9).
   rCorr:     It protects you from acid and corrosion.
Jewellery
 b - a ring of willpower
 i - a ring of wizardry
 l - a +6 ring of strength (left hand)
 y - a ring of willpower
 z - a ring of magical power
 E - a ring of ice
 K - a +4 ring of evasion
 P - a +6 ring of intelligence
 Q - a +6 ring of dexterity (right hand)
 S - an amulet of reflection (around neck)
 V - an amulet of magic regeneration
Wands
 f - a wand of flame (124)
 D - a wand of paralysis (29)
 G - a wand of roots (33)
 T - a wand of light (11)
Scrolls
 g - 4 scrolls of noise
 h - a scroll of butterflies {unknown}
 j - 2 scrolls of blinking
 t - 9 scrolls of teleportation
 w - 4 scrolls of poison
 A - 6 scrolls of enchant armour
 C - 13 scrolls of identify
 H - 4 scrolls of enchant weapon
 J - 3 scrolls of magic mapping
 L - 2 scrolls of amnesia
 M - 3 scrolls of silence
Potions
 d - 5 potions of might
 e - 6 potions of degeneration
 k - 2 potions of heal wounds
 m - 4 potions of haste
 n - 5 potions of curing
 o - 7 potions of mutation
 p - 6 potions of lignification
 r - 3 potions of attraction
 s - 5 potions of brilliance
 v - 6 potions of resistance
 x - 2 potions of flight
 B - 2 potions of magic
 I - 2 potions of ambrosia
 O - 2 potions of cancellation


   Skills:
 + Level 18.4 Fighting
 - Level 2.7 Maces & Flails
 + Level 14.7 Polearms
 + Level 14.0 Armour
 + Level 14.0 Shields
 - Level 7.5 Invocations


You had 15 spell levels left.
You didn't know any spells.
Your spell library contained the following spells:

 Spells                   Type           Power      Damage    Failure   Level
 Beastly Appendage        Tmut           0%         N/A       54%         1
 Blink                    Tloc           0%         N/A       69%         2
 Scorch                   Fire           0%         2d5       69%         2
 Wereblood                Tmut           0%         N/A       69%         2
 Confusing Touch          Hex            0%         N/A       89%         3
 Lesser Beckoning         Tloc           0%         N/A       89%         3
 Spider Form              Tmut/Pois      0%         N/A       89%         3
 Flame Wave               Conj/Fire      0%         2d4       100%        4
 Fulminant Prism          Conj/Hex       0%         3d6       100%        4
 Iskenderun's Mystic Bla  Conj/Tloc      0%         2d3       100%        4
 Petrify                  Tmut/Erth      0%         N/A       100%        4
 Fireball                 Conj/Fire      0%         3d3       100%        5
 Lee's Rapid Deconstruct  Erth           0%         3d5*      100%        5
 Manifold Assault         Tloc           0%         N/A       100%        5
 Metabolic Englaciation   Hex/Ice        0%         N/A       100%        5
 Yara's Violent Unravell  Hex/Tmut       0%         3d3       100%        5
 Starburst                Conj/Fire      0%         6d3       100%        6
 Enfeeble                 Hex            0%         N/A       100%        7
 Ignition                 Fire           0%         3d3       100%        8
 Statue Form              Tmut/Erth      Unusable   N/A       N/A         6
 Summon Cactus Giant      Summ           Unusable   N/A       N/A         6

Dungeon Overview and Level Annotations

Branches:
Dungeon (15/15)            Temple (1/1) D:7            Lair (5/5) D:10
 Shoals (1/4) Lair:3        Snake (0/4) Lair:2        Slime (0/5) Lair:4
    Orc (2/2) D:10            Elf (1/3) Orc:2        Vaults (0/5) D:13
 Depths (0/4) D:15          Sewer (visited)         Ossuary (visited)
Volcano (visited)

Altars:
Ashenzari
Cheibriados
Dithmenos
Elyvilon
Fedhas
Gozag
Hepliaklqana
Kikubaaqudgha
Makhleb
Nemelex Xobeh
Okawaru
Qazlal
Ru
Sif Muna
Trog
Uskayaw
Vehumet
Wu Jian
Xom
Yredelemnul
Zin
The Shining One
Ignis
Jiyva

Shops:
D:4 [   D:5 **   D:7 (   D:9 =   D:10 (   Orc:2 *?*=   Elf:1 *

Annotations:
D:9 2 transporters, Discosetron's ghost, novice GnHu
Lair:2 exclusion: oklob plant
Elf:1 Zenata


Innate Abilities, Weirdness & Mutations

You are immune to sickness and miasma.
Your stone body is resilient. (AC +12)
You are immune to poison.
Your large and strong wings let you fly.
You resist negative energy. (rN+)
You are resistant to electric shocks. (rElec)
You are resistant to unholy torment.
You are immune to petrification.
You are agile. (Dex +4, Str/Int -1)
Your flesh is heat resistant. (rF+)
Your muscles are strong. (Str +4, Int/Dex -1)


Message History

The +4 vorpal glaive hits you from afar!!
The +7 mace of protection hits you!
* * * LOW HITPOINT WARNING * * *
The +4 vorpal glaive barely misses you.
You are too injured to fight recklessly!
You are too injured to fight recklessly!
You are too injured to fight recklessly!
You are too injured to fight recklessly!
You are too injured to fight recklessly!
You are too injured to fight recklessly!
You are too injured to fight recklessly!
You are too injured to fight recklessly!
You are too injured to fight recklessly!
You are too injured to fight recklessly!
You are too injured to fight recklessly!
You are too injured to fight recklessly!
You are too injured to fight recklessly!
You are too injured to fight recklessly!
You are too injured to fight recklessly!
You are too injured to fight recklessly!
You are too injured to fight recklessly!
You are too injured to fight recklessly!
As you read the scroll of teleportation, it crumbles to dust.
You feel strangely unstable.
You block the +7 mace of protection's attack.
The +7 mace of protection hits you but does no damage.
The +4 vorpal glaive hits you but does no damage.
You block the +7 mace of protection's attack.
The +7 mace of protection attacks as you move away!
The +7 mace of protection hits you!
* * * LOW HITPOINT WARNING * * *
You block the +7 mace of protection's attack.
The +7 mace of protection hits you!
* * * LOW HITPOINT WARNING * * *
The +4 vorpal glaive hits you from afar!
* * * LOW HITPOINT WARNING * * *
x2 The +7 mace of protection hits you but does no damage.
You block the +7 mace of protection's attack.
The +4 vorpal glaive hits you from afar!
You die...

..#.....#..#..'..#..#..'..#..#..#
..#.....#..#..#..#..#..#..#..#..#
..#.....#..#..#.a...'..#..#..#..'
..#.....#..#..#.....#..#..#..#..#
..#..[..#..#)...##..#..#..#..#..#
..#.....#......####....#..#..#..#
..#.....#..##..####a...#..#..#..#
..######..####..##(....#[.#..#..#
..........####..@(........#..#..#
...........##..##...##....#..#..#
####'........[#..#)####...#..#..#
..............#.:#.####...#..'..#
...........##..##...##....#..#..#
..........####............'..#..#
#####'##..####..##.....#..#..#..'
...........##..####....#..#..#..#
...............####....#..#..#..#


You could see Zenata (fast) and 2 dancing weapons.

Vanquished Creatures
  Rupert (Lair:3)
  The ghost of Dahiorr the Warrior, a journeyman OgTm of Gozag (Orc:1)
  Agnes (D:15)
  A deep elf demonologist (Elf:1)
  Nessos (D:13)
  2 fire dragons (D:15)
  Snorg (D:10)
  A quicksilver dragon zombie (D:14)
  The ghost of Luffop the Devastator, a journeyman DECj of Vehumet (D:12)
  Fannar (Lair:1)
  2 vault guards (D:13)
  Erolcha (D:10)
  10 hydras
  3 boulder beetles
  2 ogre magi (Orc:2)
  3 centaur warriors
  A merfolk aquamancer (Shoals:1)
  6 death yaks (Lair:5)
  3 dancing weapons
  A death knight (D:13)
  A tengu warrior (D:15)
  12 two-headed ogres
  An orc high priest (Orc:1)
  3 soul eaters (D:14)
  2 deep elf knights (Elf:1)
  Sonja (Lair:3)
  Nergalle (D:11)
  2 deep trolls (Orc:2)
  A goliath frog (Lair:5)
  An orange crystal statue (D:11)
  A deep elf archer (Elf:1)
  A sphinx zombie (D:14)
  7 deep elf pyromancers
  4 orc knights
  A necromancer (D:13)
  28 ugly things
  2 iron dragon zombies (D:14)
  7 deep elf zephyrmancers (Elf:1)
  A faun (Shoals:1)
  A frost giant zombie (D:14)
  3 orc sorcerers
  6 cyclopes
  A stone giant zombie (D:14)
  7 elephants (Lair:5)
  2 manticores
  3 salamanders (Volcano)
  A sphinx skeleton (D:14)
  5 black mambas
  A torpor snail (Lair:5)
  Maurice (D:8)
  3 gargoyles
  A stone giant skeleton (D:14)
  18 cane toads
  An efreet (D:15)
  An unseen horror (D:10)
  2 rime drakes (Lair:5)
  7 komodo dragons
  A tengu conjurer (D:15)
  A yaktaur (D:13)
  A merfolk (Shoals:1)
  4 tyrant leeches (Lair:5)
  A wind drake (Shoals:1)
  A hornet (D:9)
  2 polar bears (Lair:3)
  Prince Ribbit (Lair:2)
  13 trolls
  A spriggan zombie (D:14)
  6 dream sheep (Lair:5)
  Grinder (D:3)
  23 blink frogs
  2 slime creatures (D:14)
  An air elemental (Elf:1)
  2 shadows
  4 water elementals (Shoals:1)
  5 wraiths
  5 wyverns
  A vampire (D:13)
  23 yaks
  A basilisk (shapeshifter) (Elf:1)
  A fire bat (Volcano)
  20 humans (D:13)
  5 basilisks
  12 vampire mosquitoes
  A warg (D:10)
  Menkaure (D:7)
  A tengu zombie (D:14)
  3 steam dragons
  11 water moccasins
  2 nagas (Lair:2)
  2 hell hounds (Volcano)
  23 orc warriors
  4 black bears
  An ice beast (D:8)
  19 ogres
  9 centaurs
  17 wolves
  5 phantoms
  4 kobold brigands
  10 bullfrogs
  7 scorpions
  4 gnoll sergeants
  13 wights
  3 killer bees (D:10)
  A howler monkey (D:11)
  A crimson imp (D:5)
  4 hounds
  6 orc priests
  Crazy Yiuf (D:3)
  2 jellies
  3 iguanas
  19 orc wizards
  5 hell rats
  8 mummies (Ossuary)
  Robin (D:3)
  6 adders
  15 gnolls
  A river rat (Sewer)
  2 ufetubi (D:4)
  2 worms
  3 dart slugs
  59 orcs
  12 ball pythons
  6 endoplasms
  5 giant cockroaches
  3 gnoll zombies (Ossuary)
  15 goblins
  6 hobgoblins
  3 quokkas
  4 bats
  A frilled lizard (D:1)
  22 kobolds
  2 kobold zombies (Ossuary)
  3 orc zombies (Ossuary)
  12 rats
695 creatures vanquished.

Vanquished Creatures (others)
  A human (D:13)
  26 fungi
  93 plants
120 creatures vanquished.

Grand Total: 815 creatures vanquished

Notes
Turn   | Place    | Note
-------+----------+-------------------------------------------
     0 | D:1      | vineage the Gargoyle Fighter began the quest for the Orb.
     0 | D:1      | Reached XP level 1. HP: 14/14 MP: 1/1
   286 | D:1      | Reached XP level 2. HP: 17/19 MP: 2/2
   913 | D:2      | Identified a scroll of acquirement
   913 | D:2      | Acquired the +11 demon trident "Killer Klown's Bane" {pain,
                  | Fragile Str+2 Int+2}
   933 | D:2      | Reached XP level 3. HP: 19/24 MP: 3/3
  1346 | D:2      | Reached skill level 4 in Fighting
  1538 | D:3      | Noticed Grinder
  1539 | D:3      | Found a faded altar of an unknown god.
  1551 | D:3      | Paralysed by Grinder for 4 turns
  1557 | D:3      | Killed Grinder
  1558 | D:3      | Reached skill level 5 in Fighting
  1558 | D:3      | Reached skill level 1 in Polearms
  1558 | D:3      | Reached XP level 4. HP: 3/31 MP: 4/4
  1558 | D:3      | Reached XP level 5. HP: 3/35 MP: 5/5
  1558 | D:3      | Reached XP level 6. HP: 4/40 MP: 6/6
  1863 | D:3      | Noticed Robin
  1885 | D:3      | Killed Robin
  2169 | D:3      | Found a sparkling altar of Nemelex Xobeh.
  2386 | D:3      | Found a runed translucent door.
  2387 | D:3      | Noticed Crazy Yiuf
  2477 | D:3      | Killed Crazy Yiuf
  2748 | D:4      | Found a glowing drain.
  2773 | Sewer    | Entered a sewer
  2860 | Sewer    | Reached XP level 7. HP: 45/45 MP: 7/7
  2922 | D:4      | Reached skill level 6 in Fighting
  3151 | D:4      | Reached skill level 5 in Shields
  3280 | D:4      | Reached skill level 5 in Armour
  3468 | D:4      | Found Yfreuf's Antique Armour Boutique.
  3603 | D:5      | Entered Level 5 of the Dungeon
  3623 | D:5      | Found a burning altar of Makhleb.
  3661 | D:5      | Reached XP level 8. HP: 52/52 MP: 8/8
  3685 | D:5      | Found a sand-covered staircase.
  3689 | D:5      | Reached skill level 7 in Fighting
  3693 | Ossuary  | Entered an ossuary
  4347 | D:5      | Found Daydes's Assorted Antiques.
  4355 | D:5      | Found Ribuacay's Assorted Antiques.
  4421 | D:5      | Reached skill level 8 in Fighting
  4816 | D:6      | Identified the +3 dagger "Dutosmuc" {freeze, Dex+2}
  4915 | D:6      | Reached XP level 9. HP: 60/60 MP: 9/9
  4933 | D:6      | Gained mutation: Your muscles are strong. (Str +4, Int/Dex
                  | -1) [potion of mutation]
  4933 | D:6      | Gained mutation: You have hidden genetic potential. [potion
                  | of mutation]
  5062 | D:6      | Found a blossoming altar of Fedhas.
  5470 | D:7      | Noticed Menkaure
  5482 | D:7      | Killed Menkaure
  5605 | D:7      | Found a glowing silver altar of Zin.
  5628 | D:7      | Reached skill level 9 in Fighting
  5842 | D:7      | Found Poboptet's Weapon Boutique.
  5868 | D:7      | Reached skill level 5 in Polearms
  6298 | D:7      | Found a staircase to the Ecumenical Temple.
  6478 | Temple   | Entered the Ecumenical Temple
  7016 | D:8      | You fall into a shaft and drop 2 floors!
  7016 | D:10     | Entered Level 10 of the Dungeon
  7061 | D:9      | Noticed a two-headed ogre
  7066 | D:9      | Noticed a moth of wrath
  7067 | D:9      | Found a bloodstained altar of Trog.
  7068 | D:9      | Noticed a hornet
  7076 | D:9      | Killed a hornet
  7077 | D:9      | Reached skill level 10 in Fighting
  7077 | D:9      | Reached XP level 10. HP: 58/68 MP: 10/10
  7078 | D:9      | Noticed Discosetron's ghost (novice GnHu)
  7092 | D:9      | Gained mutation: You are agile. (Dex +4, Str/Int -1)
                  | [hidden potential]
  7143 | D:9      | Found a transporter.
  7147 | D:9      | Noticed a tengu warrior
  7240 | D:9      | Found a hide-covered altar of Uskayaw.
  7240 | D:9      | Noticed a +0 spear
  7240 | D:9      | Noticed a +0 falchion
  7240 | D:9      | Noticed a +0 dagger
  7241 | D:9      | Noticed a +0 falchion
  7242 | D:9      | Noticed a +0 dagger
  7242 | D:9      | Noticed a +0 short sword
  7243 | D:9      | Noticed a +0 short sword
  7243 | D:9      | Noticed a +0 spear
  7667 | D:9      | Noticed a two-headed ogre
  7673 | D:9      | Killed a two-headed ogre
  7975 | D:9      | Found a transporter.
  8055 | D:9      | Found Toicw's Jewellery Shoppe.
  8089 | D:9      | Found an iron altar of Okawaru.
  8104 | D:9      | Became a worshipper of Warmaster Okawaru
  8230 | D:8      | Noticed Maurice
  8237 | D:8      | Killed Maurice
  8497 | D:8      | Reached skill level 11 in Fighting
  8552 | D:8      | Found a shadowy altar of Dithmenos.
  8958 | D:10     | Noticed Erolcha
  8966 | D:10     | Killed Erolcha
  8966 | D:10     | Reached * piety under Okawaru
  8967 | D:10     | Reached XP level 11. HP: 44/74 MP: 11/11
  8981 | D:10     | Gained mutation: Your flesh is heat resistant. (rF+)
                  | [hidden potential]
  8981 | D:10     | Lost mutation: You have hidden genetic potential. [hidden
                  | potential expressed]
  9195 | D:10     | Found a staircase to the Lair.
  9263 | D:10     | Reached ** piety under Okawaru
  9559 | D:10     | Found a staircase to the Orcish Mines.
  9627 | D:10     | Noticed Snorg
  9639 | D:10     | Killed Snorg
  9708 | D:10     | Found an opulent altar of Gozag.
  9708 | D:10     | Found a hazy altar of Hepliaklqana.
  9757 | D:10     | Found Zibyrr's Antique Weapon Boutique.
  9776 | D:10     | Found a bloodstained altar of Trog.
 10144 | D:10     | Reached skill level 12 in Fighting
 10311 | D:11     | Noticed Nergalle
 10315 | D:11     | Killed Nergalle
 10627 | D:11     | Reached *** piety under Okawaru
 11077 | D:11     | Found a gateway to a bazaar.
 11077 | D:11     | Noticed an orange crystal statue
 11078 | D:11     | Noticed a four-headed hydra
 11557 | D:11     | Killed an orange crystal statue
 11571 | Bazaar   | Entered a bazaar
 11573 | Bazaar   | Found Nufismil's Weapon Boutique.
 11577 | Bazaar   | Found Laixokux's Weapon Boutique.
 11577 | Bazaar   | Found Plog's General Store.
 11578 | Bazaar   | Found Maprerac's Assorted Antiques.
 11608 | Bazaar   | Bought a scroll labelled BYBEUBOOGO for 31 gold pieces
 11608 | Bazaar   | Bought a pink potion for 27 gold pieces
 11616 | Bazaar   | Bought a scroll of silence for 104 gold pieces
 11616 | Bazaar   | Bought a scroll of magic mapping for 82 gold pieces
 11664 | D:12     | Noticed a red ugly thing
 11664 | D:12     | Noticed a cyan ugly thing
 11672 | D:11     | Killed a red ugly thing
 11875 | D:12     | Killed a cyan ugly thing
 11965 | D:12     | Reached **** piety under Okawaru
 12172 | D:12     | Noticed a manticore
 12180 | D:12     | Killed a manticore
 12181 | D:12     | Reached XP level 12. HP: 77/82 MP: 12/12
 12328 | D:12     | Noticed a two-headed ogre
 12331 | D:12     | Killed a two-headed ogre
 12332 | D:12     | Reached skill level 13 in Fighting
 12505 | D:12     | Found a runed translucent door.
 12505 | D:12     | Found a shimmering altar of Xom.
 12505 | D:12     | Noticed Luffop's ghost (journeyman DECj)
 12875 | D:12     | Reached ***** piety under Okawaru
 12881 | D:12     | Killed Luffop's ghost
 12937 | D:12     | Identified the +1 dire flail of Foolhardiness {flame, rPois
                  | rC+ Stlth+}
 12983 | D:13     | Noticed a death knight
 12989 | D:13     | Killed a death knight
 13310 | D:13     | Reached skill level 10 in Polearms
 13361 | D:13     | Noticed a centaur warrior
 13372 | D:13     | Killed a centaur warrior
 13373 | D:13     | Reached skill level 10 in Shields
 13761 | D:13     | Noticed a two-headed ogre
 13767 | D:13     | Reached skill level 10 in Armour
 13772 | D:13     | Killed a two-headed ogre
 13875 | D:13     | Noticed a centaur warrior
 13875 | D:13     | Noticed a five-headed hydra
 13881 | D:13     | Killed a centaur warrior
 13888 | D:13     | Killed a five-headed hydra
 13891 | D:13     | Identified the +5 plate armour of Relativism {*Slow +Blink
                  | Str+4 Stlth+} (Okawaru gifted it to you on level 13 of the
                  | Dungeon)
 13891 | D:13     | Received a gift from Okawaru
 13932 | D:13     | Reached skill level 14 in Fighting
 14141 | D:13     | Noticed a boulder beetle
 14153 | D:13     | Killed a boulder beetle
 14293 | D:13     | Noticed a five-headed hydra
 14301 | D:13     | Killed a five-headed hydra
 14302 | D:13     | Reached XP level 13. HP: 90/90 MP: 10/13
 14407 | D:13     | Noticed Nessos
 14436 | D:13     | Reached skill level 1 in Invocations
 14763 | D:13     | Killed Nessos
 14780 | D:13     | Noticed a vault guard
 14801 | D:13     | Killed a vault guard
 14832 | D:13     | Noticed a vault guard
 14869 | D:13     | Killed a vault guard
 15021 | D:13     | Identified the +10 mace "Kojes" {drain, Str+4}
 15044 | D:13     | Found a gate to the Vaults.
 15408 | Lair:1   | Entered Level 1 of the Lair of Beasts
 15521 | Lair:1   | Reached skill level 15 in Fighting
 15555 | Lair:1   | Noticed Fannar
 15563 | Lair:1   | Killed Fannar
 15563 | Lair:1   | Identified the +3 rapier of Hoelaygg {vorpal, rElec Will++
                  | Dex-2 SInv} (Okawaru gifted it to you on level 1 of the
                  | Lair of Beasts)
 15563 | Lair:1   | Received a gift from Okawaru
 15899 | Lair:2   | Found a snail-covered altar of Cheibriados.
 16172 | Lair:2   | Found a staircase to the Snake Pit.
 16224 | Lair:2   | Noticed Prince Ribbit
 16239 | Lair:2   | Killed Prince Ribbit
 16702 | Lair:3   | Received a gift from Okawaru
 16782 | Lair:3   | Found a dark tunnel.
 16787 | Volcano  | Entered a volcano
 16933 | Volcano  | Gained mutation: Your large and strong wings let you fly.
                  | [Gargoyle growth]
 16933 | Volcano  | Reached XP level 14. HP: 91/98 MP: 17/17
 17286 | Lair:3   | Noticed Rupert
 17287 | Lair:3   | Paralysed by Rupert for 5 turns
 17304 | Lair:3   | HP: 1/98 [Rupert/+1 great mace of protection (28)]
 17759 | Lair:3   | Paralysed by Rupert for 4 turns
 17767 | Lair:3   | Noticed Sonja
 17775 | Lair:3   | Killed Rupert
 17784 | Lair:3   | Killed Sonja
 17977 | Lair:3   | Identified the +11 spear of Amortisation {antimagic, Str+3}
 18078 | Lair:3   | Found a staircase to the Shoals.
 18560 | Lair:4   | Received a gift from Okawaru
 19166 | Lair:4   | Found a viscous altar of Jiyva.
 19166 | Lair:4   | Found a staircase to the Slime Pits.
 19392 | Lair:4   | Reached skill level 5 in Invocations
 19612 | Lair:5   | Entered Level 5 of the Lair of Beasts
 19641 | Lair:5   | Reached skill level 16 in Fighting
 20012 | Lair:5   | Identified the +5 ring mail of Qydoz {rF+ rCorr MP+9 Int-3}
                  | (Okawaru gifted it to you on level 5 of the Lair of Beasts)
 20012 | Lair:5   | Received a gift from Okawaru
 21154 | Lair:5   | Reached XP level 15. HP: 105/105 MP: 19/19
 21592 | Lair:5   | Identified the +0 chain mail of Decompression {rF+ Regen+
                  | rCorr Slay-3}
 22183 | Orc:1    | Entered Level 1 of the Orcish Mines
 22187 | Orc:1    | Paralysed by an orc sorcerer for 3 turns
 22619 | D:10     | Reached skill level 17 in Fighting
 22833 | D:10     | Received a gift from Okawaru
 23080 | Orc:1    | Found a runed translucent door.
 23104 | Orc:1    | Noticed Dahiorr's ghost (journeyman OgTm)
 23186 | Orc:1    | Killed Dahiorr's ghost
 23322 | Orc:2    | Entered Level 2 of the Orcish Mines
 23322 | Orc:2    | Found a staircase to the Elven Halls.
 23578 | Orc:1    | You are sucked into a shaft and drop 1 floor!
 23657 | Orc:1    | Identified the +6 hand crossbow "Emoi" {venom, rN+ Int+2
                  | Dex-3 Stlth+} (Okawaru gifted it to you on level 1 of the
                  | Orcish Mines)
 23657 | Orc:1    | Received a gift from Okawaru
 23913 | Orc:2    | Found Naphuezi's Jewellery Emporium.
 23915 | Orc:2    | Found Zushromni's General Store.
 24394 | Orc:2    | Found Secih's Magic Scroll Boutique.
 24417 | Orc:2    | Found Jaryergh's General Store.
 24420 | Orc:2    | Bought a scroll of teleportation for 45 gold pieces
 24420 | Orc:2    | Bought a scroll of enchant armour for 112 gold pieces
 25039 | D:14     | Reached ****** piety under Okawaru
 25390 | D:14     | Reached XP level 16. HP: 112/114 MP: 21/21
 25696 | D:14     | Found the +4 Cigotuvi's embrace {rMiasma Drain rN+}
 26069 | D:15     | Entered Level 15 of the Dungeon
 26085 | D:15     | Received a gift from Okawaru
 26309 | D:15     | Identified the +0 chain mail of a sewer {Harm *Corrode rC-
                  | Slay+6} (Okawaru gifted it to you on level 15 of the
                  | Dungeon)
 26309 | D:15     | Received a gift from Okawaru
 26315 | D:15     | Reached skill level 18 in Fighting
 26522 | D:15     | Found a staircase to the Depths.
 26971 | D:15     | Identified the +0 robe of Elyvilon's Benevolence {rF+}
 27114 | D:15     | Noticed Agnes
 27122 | D:15     | Killed Agnes
 27484 | Shoals:1 | Entered Level 1 of the Shoals
 28090 | Elf:1    | Entered Level 1 of the Elven Halls
 28160 | Elf:1    | Paralysed by an air elemental for 1 turns
 28200 | Elf:1    | Noticed a Brimstone Fiend
 28221 | Elf:1    | HP: 5/114 [deep elf archer/arrow (13)]
 29302 | Elf:1    | Noticed Zenata
 29892 | Elf:1    | Paralysed by something for 3 turns
 30305 | Elf:1    | Found Wes Urghu's Neck Hole.
 30369 | Elf:1    | Bought an amulet of reflection for 420 gold pieces
 30516 | Elf:1    | HP: 2/116 [+4 vorpal glaive[Zenata] (7)]
 30517 | Elf:1    | Mangled by a +4 vorpal glaive

Illustrated notes

Levels and vault maps discovered:
D:1:      kennysheep_arrival_seaside, layout_rooms
D:2:      layout_basic, serial_bayou_pond_a
D:3:      layout_loops_ring, lemuel_doored_altar, basic_ecumenical_altar,
          uniq_grinder, uniq_robin, uniq_crazy_yiuf_cottage
D:4:      layout_loops_ring, cheibrodos_sewer_entry_drain, serial_shops,
          nicolae_shop_waterfront
D:5:      layout_basic, makhleb_grotto_becter, enter_ossuary_5, serial_shops,
          nicolae_shop_hallway_plus, nicolae_stop_n_shop_2
D:6:      layout_loops_ring, mainiacjoe_overflow_surrounded_room
D:7:      layout_gridville, mainiacjoe_overflow_24_doors,
          minmay_temple_entry_antechambers, serial_shops,
          nicolae_take_the_stairs, uniq_menkaure
D:8:      nicolae_cairo_tiling_large, layout_loops_corners,
          mainiacjoe_overflow_boulevard, uniq_maurice
D:9:      layout_loops_ring, nicolae_uskayaw_en_pointe,
          okawaru_altar_gauntlet_db, serial_shops, nicolae_shop_stone,
          gammafunk_ghost_wrathful_warriors
D:10:     layout_basic, mainiacjoe_overflow_concentric_impassable,
          amethyst_overflow_temple_binary, lair_entry_dummy, serial_shops, shop,
          uniq_snorg, uniq_erolcha
D:11:     layout_irregular_city, serial_shops, statue_bzr, uniq_nergalle
D:12:     layout_rooms, ebering_ghost_xom
D:13:     layout_loops_corners, grunt_vaults_entry_tiered, uniq_nessos
D:14:     layout_loops_corners, minmay_misc_feat_encased,
          hellmonk_guarded_unrand_cigotuvi
D:15:     grunt_enter_depths_hoard, layout_gridville, bh_walls_and_bars,
          uniq_agnes
Temple:   ebering_untended_altars
Lair:1:   layout_cave_shapes, fungi_pond_lemuel, infiniplex_staircase_pool,
          uniq_fannar
Lair:2:   layout_regular_city, guppyfry_snake_entry_island, st_stairs_12,
          lemuel_oklob_altar, uniq_prince_ribbit2
Lair:3:   layout_loops_ring, elwin_shoals_entry_rocks,
          nicolae_volcano_entry_s_turn, grunt_megastairs_4, uniq_rupert,
          uniq_sonja
Lair:4:   layout_cave_pods, slime_entry_1
Lair:5:   minmay_lair_end_frog_pond, layout_layer_cave, lemuel_fruit_tree
Shoals:1: layout_shoals, gammafunk_ghost_grave
Orc:1:    layout_caves, gammafunk_ghost_grave, serial_shops
Orc:2:    st_orc_open, layout_caves, nicolae_orc_pool_cavern
Elf:1:    layout_onion_city, minmay_elf_demonology,
          nicolae_elf_glass_and_crystal_pillar_2,
          nicolae_shop_sticking_my_neck_out, uniq_zenata

Skill      XL: |  1  2  3  4  5  6  7  8  9 10 11 12 13 14 15 16 |
---------------+-------------------------------------------------+-----
Fighting       | 5 6 8 10 11 12 14 15 16 17 18 | 18.4
Polearms       | 1 2 3 4 6 7 9 10 11 13 14 | 14.7
Armour         | 4 5 6 7 8 9 10 11 12 13 14 | 14.0
Shields        | 4 5 6 7 8 9 10 11 12 13 14 | 14.0
Invocations    | 4 6 7 |  7.5
Maces & Flails | |  2.7

Action                   |  1- 3 |  4- 6 |  7- 9 | 10-12 | 13-15 | 16-18 || total
-------------------------+-------+-------+-------+-------+-------+-------++-------
Melee: Flail             |    58 |       |       |       |       |       ||    58
       Demon trident     |    22 |    78 |   214 |   396 |  1167 |   402 ||  2279
Invok: Heroism           |       |       |       |     7 |    14 |     4 ||    25
       Finesse           |       |       |       |       |     1 |     1 ||     2
  Use: Scroll            |     1 |    10 |    11 |     2 |     6 |     5 ||    35
       Potion            |     1 |       |     1 |     3 |     8 |     1 ||    14
Armor: Scale mail        |    41 |    36 |    71 |   143 |       |       ||   291
       Troll leather arm |       |       |       |    13 |    97 |       ||   110
       Chain mail        |       |       |       |       |    97 |       ||    97
       Ring mail         |       |       |       |       |   243 |   167 ||   410
Dodge: Dodged            |    49 |    40 |    57 |   166 |   315 |   105 ||   732
Block: Buckler           |    12 |    19 |    22 |    74 |   271 |    85 ||   483

Table legend: (Time is in decaauts)
 A = Elapsed time spent in this place.
 B = Non-inter-level travel time spent in this place.
 C = Inter-level travel time spent in this place.
 D = Time resting spent in this place.
 E = Time spent auto-exploring this place.
 F = Levels seen in this place.
 G = Mean time per level.
                   A        B        C        D        E       F      G
               +--------+--------+--------+--------+--------+-----+--------+
         Total |  30078 |  28342 |   1736 |   5338 |  19108 |  29 | 1037.2 |
       Dungeon |  18205 |  17161 |   1044 |   2664 |  12292 |  15 | 1213.7 |
        Temple |     95 |     63 |     32 |      0 |     50 |   1 |   95.0 |
          Lair |   6705 |   6188 |    517 |   1074 |   4312 |   5 | 1341.0 |
        Shoals |    186 |    166 |     20 |      0 |    130 |   1 |  186.0 |
  Orcish Mines |   1799 |   1698 |    101 |    296 |   1011 |   2 |  899.5 |
   Elven Halls |   2380 |   2361 |     19 |   1304 |    847 |   1 | 2380.0 |
        Bazaar |     65 |     65 |      0 |      0 |     27 |   1 |   65.0 |
         Sewer |    139 |    139 |      0 |      0 |     87 |   1 |  139.0 |
       Ossuary |    180 |    180 |      0 |      0 |    107 |   1 |  180.0 |
       Volcano |    318 |    318 |      0 |      0 |    244 |   1 |  318.0 |
               +--------+--------+--------+--------+--------+-----+--------+

Top non-repeatable levels by time:
   Elf:1: 2380 daAuts
    D:10: 2066 daAuts
  Lair:5: 2027 daAuts
    D:14: 1683 daAuts
    D:11: 1609 daAuts
    D:12: 1538 daAuts
    D:13: 1522 daAuts
  Lair:4: 1471 daAuts
  Lair:3: 1390 daAuts
  Lair:2: 1282 daAuts
     D:9: 1213 daAuts
    D:15: 1209 daAuts
     D:3: 1187 daAuts
     D:8: 1075 daAuts
     D:7: 1069 daAuts
